 Dungeon Crawl Stone Soup version 0.19-a0-1831-gd4c818f (webtiles) character file.

1024 TheGoonsmith the Destroyer (level 8, -3/41 HPs)
             Began as a Deep Elf Conjurer on Oct 7, 2016.
             Splashed by Pikel's acid (9 damage)
             ... on level 4 of the Dungeon.
             The game lasted 00:07:12 (4324 turns).

TheGoonsmith the Destroyer (Deep Elf Conjurer)      Turns: 4324, Time: 00:07:12

Health: -3/41      AC:  3    Str:  5    XL:     8   Next: 2%
Magic:  13/20      EV: 13    Int: 23    God:
Gold:   175        SH:  0    Dex: 15    Spells: 4 memorised, 8 levels left

rFire  . . .     SeeInvis .     o - +0 dire flail
rCold  . . .     Gourm    .     a - +0 robe
rNeg   . . .     Faith    .     (shield currently unavailable)
rPois  .         Spirit   .     (no helmet)
rElec  .         Dismiss  .     (no cloak)
rCorr  .         Reflect  .     t - +0 pair of gloves
MR     .....     Harm     .     (no boots)
Stlth  ++........               (no amulet)
                                (no ring)
                                (no ring)

@: no status effects
A: no striking features
a: no special abilities


You were on level 4 of the Dungeon.
You were not hungry.

You visited 1 branch of the dungeon, and saw 5 of its levels.

You collected 175 gold pieces.

Inventory:

Hand Weapons
 f - a +0 club
 j - a +0 mace
 o - a +0 dire flail (weapon)
Armour
 a - a +0 robe (worn)
 t - a +0 pair of gloves (worn)
Jewellery
 d - an uncursed ring of protection from cold {unknown}
Wands
 l - a wand of random effects (6/48)
Scrolls
 e - 5 scrolls of remove curse {unknown}
 h - 6 scrolls of identify {unknown}
 i - a scroll of magic mapping {unknown}
 k - 3 scrolls of fog {unknown}
 m - 2 scrolls of immolation {unknown}
 n - a scroll of fear {unknown}
 p - a scroll of recharging {unknown}
 s - 2 scrolls of enchant weapon {unknown}
 x - a scroll of noise {unknown}
Potions
 u - 2 potions of degeneration {unknown}
 v - a potion of mutation {unknown}
Books
 b - a book of Conjurations

   Spells                             Type                      Level
   a - Magic Dart                     Conjuration                  1
   b - Searing Ray                    Conjuration                  2
   c - Dazzling Spray                 Conjuration/Hexes            3
   d - Fulminant Prism                Conjuration/Hexes            4
   e - Iskenderun's Mystic Blast      Conjuration                  4
   f - Iskenderun's Battlesphere      Conjuration/Charms           5
Comestibles
 c - a bread ration
 g - 3 meat rations
 q - 3 beef jerkies
 r - 5 chunks of flesh
 w - a slice of pizza


   Skills:
 - Level 2.4 Dodging
 - Level 2.4 Stealth
 + Level 6.8 Spellcasting
 * Level 8.6 Conjurations
 + Level 3.8 Hexes
 + Level 3.9 Charms


You had 8 spell levels left.
You knew the following spells:

 Your Spells              Type           Power        Failure   Level  Hunger
a - Magic Dart            Conj           ####         1%          1    None
b - Searing Ray           Conj           #####.       1%          2    None
c - Fulminant Prism       Conj/Hex       #####.....   10%         4    ###....
z - Iskenderun's Battles  Conj/Chrm      #####...     17%         5    #####..


Dungeon Overview and Level Annotations

Branches:
Dungeon (5/15)
 Temple: D:4-7

Altars:
Fedhas
Xom

Annotations:
D:4 Pikel


Message History

Pikel is severely wounded.
The centaur wields a shortbow.
The centaur shoots an arrow.
The arrow closely misses you. The slave closely misses you. Pikel misses you.
A worker ant and a centaur come into view.
The searing ray misses Pikel.
You finish channeling your searing ray.
The worker ant twitches its antennae in your direction.
The centaur shoots an arrow.
The arrow hits you! The slave barely misses you.
Pikel hits you with a whip of freezing. Pikel freezes you.
Unknown command.
The centaur shoots an arrow.
The arrow hits you.
* * * LOW HITPOINT WARNING * * *
The slave hits you but does no damage. Pikel barely misses you.
You climb upwards.
There is a stone staircase leading down here.
Unknown command.
Pikel drinks a potion.
Pikel is healed!
Pikel zaps a wand.
The bolt of acid hits you!
* * * LOW HITPOINT WARNING * * *
You are splashed with acid!
The acid burns!
You die...

.#.## #.# ##.#...#
..#.###.###.#....#####
...#.##.##.#........(#
....#.#.#.#..........#
.....#.#.#.........(.#
......#.#........#####
.......#)........#
.......#......##.#
...8...#.....#.#@#
.8...8###.....##.#
.......#.....#.#.#
.......#.....###.#
......#.#.....##K###
...............'p..#
).....#.#.....##.#.##
.......#.....###>...##
.......#.....#[#.....#


You could see Pikel and a slave.

Vanquished Creatures
  Grinder (D:3)
  Menkaure (D:4)
  3 scorpions
  A water moccasin skeleton (D:4)
  A hound (D:4)
  5 orc wizards
  An orc priest (D:4)
  Natasha (twice) (D:3)
  2 iguanas (D:4)
  3 worker ants
  5 adders
  An adder skeleton (D:4)
  A dart slug (D:1)
  3 leopard geckos
  7 orcs
  A ball python (D:4)
  4 giant cockroaches
  2 goblins (D:2)
  11 hobgoblins
  2 quokkas
  9 bats
  6 frilled lizards
  A jackal skeleton (D:4)
  7 kobolds
  5 rats
85 creatures vanquished.

Notes
Turn   | Place    | Note
-------+----------+-------------------------------------------
     0 | D:1      | TheGoonsmith the Deep Elf Conjurer began the quest for the Orb.
     0 | D:1      | Reached XP level 1. HP: 10/10 MP: 6/6
   213 | D:1      | Reached XP level 2. HP: 15/15 MP: 6/8
   620 | D:2      | Reached skill level 5 in Conjurations
   665 | D:2      | Learned a level 2 spell: Searing Ray
   842 | D:2      | Reached XP level 3. HP: 19/19 MP: 3/10
   962 | D:2      | Found a shimmering altar of Xom.
  1720 | D:3      | Noticed Natasha
  1731 | D:3      | Killed Natasha
  1731 | D:3      | Reached XP level 4. HP: 1/24 MP: 0/12
  1740 | D:3      | Noticed Natasha
  2010 | D:3      | Killed Natasha
  2010 | D:3      | Reached skill level 6 in Conjurations
  2076 | D:3      | Learned a level 4 spell: Fulminant Prism
  2091 | D:3      | Noticed Grinder
  2101 | D:3      | Paralysed by Grinder for 6 turns
  2108 | D:3      | Killed Grinder
  2108 | D:3      | Reached skill level 5 in Spellcasting
  2108 | D:3      | Reached skill level 7 in Conjurations
  2108 | D:3      | Reached XP level 5. HP: 25/28 MP: 1/15
  2108 | D:3      | Reached XP level 6. HP: 29/32 MP: 1/16
  2209 | D:3      | Learned a level 5 spell: Iskenderun's Battlesphere
  2556 | D:3      | Reached skill level 1 in Hexes
  2556 | D:3      | Reached skill level 1 in Charms
  2800 | D:4      | HP: 1/32 [worker ant (7)]
  3029 | D:4      | Reached XP level 7. HP: 15/36 MP: 7/18
  3672 | D:4      | Reached skill level 8 in Conjurations
  3885 | D:4      | Noticed Menkaure
  3897 | D:4      | Killed Menkaure
  4173 | D:4      | Found a blossoming altar of Fedhas.
  4246 | D:4      | Reached XP level 8. HP: 41/41 MP: 14/20
  4307 | D:5      | Entered Level 5 of the Dungeon
  4307 | D:5      | Noticed Pikel
  4324 | D:4      | Splashed by Pikel's acid

Vault maps used:
D:1:      dpeg_arrival_rooms_a
D:2:      xom_butterflies
D:3:      first_bread, kennysheep_potato, uniq_natasha, uniq_crazy_yiuf_cottage,
          uniq_iyjb, uniq_grinder
D:4:      wad_pebble_path, nicolae_overflow_crystal_walls, uniq_menkaure
D:5:      uniq_pikel

Skill      XL: |  1  2  3  4  5  6  7 |
---------------+----------------------+-----
Conjurations   | 5 7 8 |  8.6
Spellcasting   | 4 5 6 |  6.8
Hexes          | 2 3 |  3.8
Charms         | 1 3 |  3.9
Dodging        | |  2.4
Stealth        | |  2.4

Action                   |  1- 3 |  4- 6 |  7- 9 || total
-------------------------+-------+-------+-------++-------
Melee: Dire flail        |     2 |     2 |     4 ||     8
       Mace              |     1 |       |       ||     1
 Cast: Magic Dart        |    70 |    62 |    50 ||   182
       Searing Ray       |       |     3 |    11 ||    14
  Use: Potion            |     2 |     1 |       ||     3
  Eat: Chunk             |     1 |     5 |       ||     6
       Bread ration      |       |       |     1 ||     1
Armor: Robe              |     2 |     4 |     3 ||     9
Dodge: Dodged            |     4 |     7 |    18 ||    29
